 Dungeon Crawl Stone Soup version 0.31-a0-1370-gf52a5a9ab3 (webtiles) character file.

Game seed: 7631845590819777690

353 Laraso the Cudgeller (level 6, -1/62 HPs)
             Began as an Oni Cinder Acolyte on Dec 24, 2023.
             Was a High Priest of Ignis.
             Succumbed to an adder's poison
             ... on level 6 of the Dungeon.
             The game lasted 00:04:13 (3894 turns).

Laraso the Cudgeller (Oni Cinder Acolyte)           Turns: 3894, Time: 00:04:13

Health: -1/62      AC:  3    Str: 19    XL:     6   Next: 62%
Magic:  10/10      EV:  9    Int: 17    God:    Ignis [*****.]
Gold:   298        SH:  0    Dex:  4    Spells: 5/11 levels left

rFire   + . .        a - -1 mace (flame)
rCold   . . .        (no shield)
rNeg    . . .        b - +0 robe
rPois   .            (helmet restricted)
rElec   .            (no cloak)
rCorr   .            (gloves unavailable)
SInv    .            (boots unavailable)
Will    .....        (no amulet)
Stlth   +            (no ring)
HPRegen 0.30/turn    (no ring)
MPRegen 0.12/turn

%: no passive effects
@: lethally poisoned (-1 -> -14), very slightly contaminated
A: large, unfitting armour, horns 1, tough skin 1, double potion healing,
drunken brawling
a: Renounce Religion, Fiery Armour, Foxfire Swarm, Rising Flame


You were on level 6 of the Dungeon.
You worshipped Ignis.
Ignis was extremely pleased with you.
You visited 1 branch of the dungeon, and saw 6 of its levels.

You collected 298 gold pieces.

Inventory:

Hand Weapons
 a - a -1 mace of flaming (weapon)
 n - a +0 giant club
Armour
 b - a +0 robe (worn)
Wands
 i - a wand of flame (10)
 o - a wand of roots (3)
Scrolls
 e - 2 scrolls of immolation
 g - 3 scrolls of blinking
 h - 2 scrolls of poison
 k - a scroll of teleportation
Potions
 f - a potion of might {unknown}
 l - a potion of lignification {unknown}
 m - a potion of magic


   Skills:
 - Level 4.0 Fighting
 * Level 6.2 Maces & Flails
 - Level 3.0 Spellcasting
 + Level 0.9 Summonings
 + Level 0.8 Translocations
 - Level 3.0 Fire Magic


You had 5 spell levels left.
You knew the following spells:

 Your Spells              Type           Power      Damage    Failure   Level
a - Scorch                Fire           24%        2d6       8%          2
b - Blink                 Tloc           10%        N/A       19%         2
c - Call Imp              Summ           10%        N/A       19%         2

Your spell library contained the following spells:

 Spells                   Type           Power      Damage    Failure   Level
 Magic Dart               Conj           8%         1d3       17%         1


Dungeon Overview and Level Annotations

Branches:
Dungeon (6/15)             Temple (0/1) D:5

Altars:
Qazlal


Innate Abilities, Weirdness & Mutations

You are too large for most types of armour.
You have a pair of small horns on your head.
You have tough skin. (AC +1)
You gain doubled healing and magic from potions.
Whenever you drink a healing potion, you attack all around you.


Message History

You feel very sick.
Found 7 gold pieces.
Found an escape hatch in the ceiling.
There is a stone staircase leading up here.
Casting: Scorch (safe; 8% risk of failure)
Confirm with . or Enter, or press ? or * to list all spells.
Flames lash the adder.
The adder is heavily wounded.
The adder's fire resistance burns away.
You feel very sick. The adder bites you.
* * * LOW HITPOINT WARNING * * *
You are more poisoned.
The adder poisons you! The adder bites you.
* * * LOW HITPOINT WARNING * * *
You are more poisoned.
The adder poisons you! The adder barely misses you.
It was a potion of enlightenment.
You feel very buoyant.
You fly up into the air.
* * * LOW HITPOINT WARNING * * *
You feel very sick. The adder closely misses you. The adder bites you.
* * * LOW HITPOINT WARNING * * *
It was a potion of cancellation.
Your magical effects are unravelling.
You feel magically purged.
You are very lightly contaminated with residual magic.
You float gracefully downwards.
Your enlightenment fades.
* * * LOW HITPOINT WARNING * * *
You feel very sick. The adder bites you.
* * * LOW HITPOINT WARNING * * *
The adder bites you but does no damage.
Unknown command.
You take a swig of the potion and twirl your -1 mace of flaming.
You hit the adder but do no damage. You closely miss the adder.
The adder is moderately wounded.
It was a potion of magic.
Magic courses through your body.
You die...

### #@#
#.SS...#
##.......#
#..#....#
#..##<#.#
#$.. ....
##.# #.#
.. .#


You could see 2 adders.

Vanquished Creatures
  An ogre (D:4)
  A scorpion (D:5)
  A hound (D:4)
  An iguana (D:5)
  6 gnolls
  3 adders
  A dart slug (D:2)
  An orc (D:3)
  4 bats (D:1)
  5 endoplasms
  2 giant cockroaches
  2 hobgoblins
  A jackal (D:1)
  4 kobolds
  5 quokkas
  8 ball pythons
  4 frilled lizards
  18 goblins
  6 rats
74 creatures vanquished.

Notes
Turn   | Place    | Note
-------+----------+-------------------------------------------
     0 | D:1      | Laraso the Oni Cinder Acolyte began the quest for the Orb.
     0 | D:1      | Reached XP level 1. HP: 24/24 MP: 2/2
   116 | D:1      | Reached XP level 2. HP: 32/32 MP: 4/4
   119 | D:1      | Learned a level 2 spell: Scorch
   428 | D:1      | You fall into a shaft and drop 1 floor!
   990 | D:2      | Reached XP level 3. HP: 33/39 MP: 0/5
  1693 | D:2      | Reached skill level 4 in Maces & Flails
  1782 | D:3      | Reached XP level 4. HP: 36/48 MP: 3/7
  2032 | D:3      | Found a stormy altar of Qazlal.
  2270 | D:3      | Reached XP level 5. HP: 54/54 MP: 6/9
  2375 | D:3      | Learned a level 2 spell: Blink
  2378 | D:3      | Learned a level 2 spell: Call Imp
  2859 | D:4      | Reached skill level 5 in Maces & Flails
  2904 | D:4      | Noticed an ogre
  2952 | D:4      | Killed an ogre
  2953 | D:4      | Reached XP level 6. HP: 34/62 MP: 1/10
  3251 | D:4      | Reached skill level 6 in Maces & Flails
  3545 | D:5      | Entered Level 5 of the Dungeon
  3560 | D:5      | HP: 1/62 [iguana (12)]
  3893 | D:6      | HP: 1/62 [adder (3)]
  3894 | D:6      | Succumbed to an adder's poison

Illustrated notes

Levels and vault maps discovered:
D:1:      dpeg_arrival_boxorama, layout_basic,
          nicolae_concentric_dashed_squares_mild, st_stairs_1
D:2:      cheibrodos_greedy_goblins, layout_basic
D:3:      layout_basic, nicolae_qazlal_general_emergency, serial_corexii_hall,
          chequers_hall_statues_y, corexii_hall_statues_x,
          minmay_misc_feat_roman
D:4:      layout_cave_pools
D:5:      layout_basic, minmay_temple_entry_tees, lightli_sewer_entry_pipes,
          uniq_crazy_yiuf_cottage
D:6:      layout_loops_cross

Skill      XL: |  1  2  3  4  5  6 |
---------------+-------------------+-----
Fire Magic     | 3 |  3.0
Spellcasting   | 2 3 |  3.0
Maces & Flails | 4 5 6 |  6.2
Fighting       | |  4.0
Summonings     | |  0.9
Translocations | |  0.8

Action                     |  1- 3 |  4- 6 || total
---------------------------+-------+-------++-------
  Melee: Mace              |    53 |    32 ||    85
         Headbutt          |     3 |     4 ||     7
         Punch             |     3 |       ||     3
   Cast: Scorch            |    20 |    48 ||    68
         Call Imp          |       |     1 ||     1
    Use: Scroll            |     3 |     5 ||     8
         Potion            |       |     3 ||     3
 Armour: Robe              |    35 |    54 ||    89
  Dodge: Dodged            |    31 |    25 ||    56

Table legend: (Time is in decaauts)
 A = Elapsed time spent in this place.
 B = Non-inter-level travel time spent in this place.
 C = Inter-level travel time spent in this place.
 D = Time resting spent in this place.
 E = Time spent auto-exploring this place.
 F = Levels seen in this place.
 G = Mean time per level.
                   A        B        C        D        E       F      G
               +--------+--------+--------+--------+--------+-----+--------+
         Total |   3913 |   3824 |     89 |    712 |   2601 |   6 |  652.2 |
       Dungeon |   3913 |   3824 |     89 |    712 |   2601 |   6 |  652.2 |
               +--------+--------+--------+--------+--------+-----+--------+

Top non-repeatable levels by time:
     D:3: 984 daAuts
     D:1: 980 daAuts
     D:2: 925 daAuts
     D:4: 872 daAuts
     D:5: 146 daAuts
     D:6: 3 daAuts
